Map: Ever Dream LE

Players

ShoWTimE - Winner!

  • Race: Protoss Protoss
  • Spawn Location: 7:00

Arctur

  • Race: Terran Terran
  • Spawn Location: 1:00

Event: DreamHack SC2 Masters 2020 Summer Europe

VOD

Have the link to the VOD?

Description

Time

  • Played on: July 5, 2020, 12:28 p.m.
  • Length: 11:06

All games in this series

Show
View Real Time Build Order
Export as new Build Order

ShoWTimE Protoss - Winner!

Build Orders: 1 Gate Expand, Archon Immortal, Blink Stalkers 

Get SALT Encoding   

  12  0:00  Probe  
  13  0:12  Probe  
  14  0:18  Pylon  
  14  0:24  Probe  
  15  0:32  Probe  
  15  0:37  Gateway  
  15  0:40  Probe  
  16  0:46  Assimilator  
  17  0:51  Probe  
  18  1:03  Probe  
  19  1:15  Probe  
  20  1:24  Cybernetics Core  
  20  1:33  Nexus  
  20  1:35  Probe  
  21  1:44  Pylon  
  21  1:48  Probe  
  21  1:50  Assimilator  
  21  1:52  Adept  
  21  2:00  Probe  
  22  2:03  Warp Gate  
  24  2:12  Stalker, Probe  
  27  2:24  Probe  
  28  2:36  Twilight Council, Probe  
  29  2:42  Stalker, Probe  
  31  2:48  Probe  
  31  2:50  Probe  
  33  2:55  Blink  
  34  3:00  Probe x2  
  34  3:03  Gateway  
  36  3:12  Probe  
  37  3:13  Probe  
  36  3:24  Probe  
  36  3:25  Probe  
  38  3:35  Robotics Facility  
  38  3:36  Probe  
  38  3:37  Probe  
  38  3:48  Probe  
  38  3:49  Probe  
  38  3:50  Sentry  
  38  3:55  Nexus  
  42  3:58  Pylon  
  42  4:00  Probe  
  42  4:01  Probe  
  43  4:05  Assimilator  
  43  4:08  Stalker  
  45  4:12  Probe  
  45  4:15  Pylon  
  45  4:16  Probe  
  47  4:19  Stalker  
  47  4:23  Observer  
  50  4:25  Probe  
  50  4:28  Probe  
  50  4:29  Pylon  
  52  4:33  Stalker  
  52  4:37  Probe  
  55  4:41  Probe  
  55  4:42  Pylon  
  55  4:44  Observer  
  57  4:49  Probe  
  57  4:50  Stalker  
  57  4:53  Probe  
  55  5:01  Probe  
  55  5:05  Probe  
  57  5:13  Gateway, Probe  
  57  5:14  Gateway  
  58  5:17  Stalker  
  58  5:20  Probe  
  61  5:22  Probe  
  61  5:25  Probe  
  63  5:31  Charge  
  63  5:32  Probe  
  63  5:34  Forge  
  64  5:36  Probe  
  64  5:37  Protoss Ground Armor Level 1, Probe  
  64  5:38  Phoenix, Observer  
  66  5:46  Pylon  
  66  5:50  Probe x3  
  66  5:51  Gateway  
  69  5:57  Shield Battery  
  69  5:58  Observer, Pylon  
  69  6:00  Stalker  
  72  6:06  Gateway  
  72  6:12  Stalker, Shield Battery  
  72  6:18  Gateway  
  74  6:21  Immortal  
  74  6:22  Gateway  
  74  6:23  Probe  
  74  6:24  Probe  
  76  6:26  Probe  
  75  6:35  Sentry  
  75  6:36  Sentry, Probe  
  75  6:39  Probe  
  85  6:43  Probe  
  85  6:45  Pylon  
  86  6:48  Probe  
  86  6:49  Pylon  
  86  6:51  Probe  
  86  6:52  Zealot x2  
  92  6:56  Immortal, Zealot  
  94  7:06  Zealot x2  
  94  7:07  Pylon  
  101  7:14  Stalker x2  
  103  7:17  Probe x3  
  104  7:26  Zealot x3  
  110  7:31  Assimilator  
  110  7:32  Protoss Ground Weapons Level 1  
  110  7:33  Templar Archives  
  110  7:35  Immortal  
  110  7:37  Zealot x3  
  114  7:51  Pylon  
  118  7:56  Zealot x3  
  124  7:59  Zealot  
  124  8:04  Immortal  
  124  8:05  Zealot x3  
  130  8:08  Pylon  
  128  8:18  Zealot x2  
  134  8:22  Pylon  
  134  8:23  Pylon  
  134  8:25  Zealot  
  136  8:32  Zealot x3  
  138  8:42  Zealot x4  
  138  8:46  Zealot  
  138  8:53  Zealot x3  
  132  8:56  Warp Prism  
  130  9:05  High Templar x4  
  130  9:07  Probe x2  
  130  9:08  Probe  
  130  9:09  Archon x2  
  137  9:10  Assimilator  
  137  9:15  Probe x2  
  133  9:19  Assimilator  
  133  9:20  Probe  
  133  9:23  Probe x2  
  128  9:29  Zealot  
  128  9:30  Zealot x3  
  114  9:42  Probe  
  115  9:48  High Templar x2, Zealot x2  
  123  9:53  Archon  
  123  9:55  Immortal, Zealot x4  
  131  10:00  Pylon  
  135  10:11  High Templar x2, Shield Battery  
  135  10:13  Pylon  
  139  10:16  Archon, Pylon  
  139  10:21  Zealot x5  
  145  10:25  Zealot  
  145  10:26  Immortal  
  131  10:43  Zealot x3  
  131  10:44  Zealot x2  
  137  10:52  High Templar x3  
  135  10:58  Archon  
Show
View Real Time Build Order
Export as new Build Order

Arctur Terran 

Build Orders:  

Get SALT Encoding   

  12  0:00  SCV  
  13  0:12  SCV  
  14  0:17  Supply Depot  
  14  0:25  SCV  
  15  0:38  SCV  
  15  0:41  Barracks  
  16  0:44  Refinery  
  16  0:50  SCV  
  17  1:02  SCV  
  18  1:14  SCV  
  19  1:28  Orbital Command, Marine  
  20  1:45  Command Center  
  20  1:47  Barracks Reactor  
  20  1:52  Supply Depot  
  21  1:54  SCV  
  21  2:06  SCV  
  22  2:08  Factory  
  22  2:14  Refinery  
  22  2:18  SCV  
  23  2:23  Marine x2  
  25  2:30  SCV  
  26  2:41  Reaper, Marine  
  26  2:42  SCV  
  29  2:53  Starport  
  29  2:54  Hellion  
  29  2:56  SCV  
  32  2:58  Orbital Command  
  32  3:02  Marine  
  33  3:09  SCV  
  34  3:13  Marine  
  34  3:20  Marine  
  34  3:21  Hellion  
  34  3:24  SCV  
  35  3:31  Marine  
  35  3:33  SCV  
  37  3:36  SCV  
  37  3:37  Medivac  
  37  3:38  Marine  
  41  3:43  Hellion  
  41  3:45  Supply Depot  
  41  3:48  SCV x2  
  44  3:49  Marine  
  46  4:05  Factory Tech Lab  
  46  4:06  Marine, SCV x2  
  46  4:08  Supply Depot  
  49  4:10  Marine  
  49  4:12  Starport Tech Lab  
  50  4:18  SCV x2  
  50  4:19  Engineering Bay, Barracks  
  50  4:20  Barracks  
  52  4:30  Siege Tank, Supply Depot, SCV  
  56  4:34  SCV  
  56  4:36  Cloaking Field  
  57  4:43  SCV  
  57  4:46  SCV  
  56  4:55  SCV  
  54  5:00  Marine, Banshee  
  54  5:01  Marine, SCV  
  54  5:02  Siege Tank  
  54  5:03  Terran Infantry Weapons Level 1  
  54  5:04  Refinery  
  54  5:05  Supply Depot  
  55  5:07  SCV  
  55  5:08  Marine x2  
  57  5:15  Refinery, Barracks x2  
  57  5:19  SCV x2  
  59  5:21  Supply Depot  
  59  5:28  Marine x3  
  62  5:36  Supply Depot  
  62  5:41  SCV x2  
  64  5:44  Banshee  
  64  5:45  Marine, Factory Reactor  
  64  5:46  Stimpack, Marine  
  64  5:47  Marine x2  
  71  5:53  SCV  
  70  5:59  Supply Depot  
  70  6:03  Marine, Barracks Reactor, Barracks Tech Lab  
  71  6:06  Marine x2  
  71  6:07  Marauder  
  71  6:10  Supply Depot  
  75  6:12  Supply Depot  
  75  6:22  Widow Mine x2  
  75  6:23  Supply Depot  
  75  6:24  Marine x2  
  81  6:26  Marauder  
  81  6:32  Marauder  
  85  6:35  Combat Shield  
  85  6:37  Marauder  
  85  6:39  Starport Reactor  
  87  6:43  Marine x3  
  87  6:44  Marine, Widow Mine x2  
  94  6:48  Marauder  
  94  6:51  Supply Depot  
  94  6:53  Marauder  
  98  6:57  Marine  
  98  6:58  Terran Infantry Armor Level 1  
  98  7:00  Marine  
  100  7:02  Marine  
  100  7:05  Widow Mine  
  103  7:09  Marauder  
  103  7:10  Marine, Widow Mine  
  103  7:11  Marine  
  103  7:15  Marauder  
  111  7:16  Marauder  
  111  7:18  Marine  
  111  7:20  Marine  
  115  7:26  Medivac  
  115  7:28  Marine, Medivac  
  117  7:30  Marauder  
  117  7:36  Marauder  
  118  7:38  Marine  
  118  7:39  Marauder  
  118  7:41  Marine  
  118  7:42  Marine  
  122  7:46  Marine  
  120  7:52  Marauder  
  120  7:55  Concussive Shells  
  120  7:56  Marine, Medivac  
  120  7:58  Marauder, Medivac  
  129  8:00  Marauder, Marine  
  129  8:06  Marine  
  129  8:07  Marine  
  129  8:11  Command Center  
  131  8:13  Marauder  
  131  8:14  Marine  
  134  8:30  Marauder, Marine  
  134  8:37  Marine  
  134  8:38  Marine  
  134  8:41  Marauder  
  134  8:42  Medivac  
  134  8:43  Marine  
  134  8:44  Marauder  
  134  8:46  Medivac  
  134  8:48  Marine  
  128  8:52  Marauder  
  128  8:54  Marine  
  118  8:59  Marine, Widow Mine  
  106  9:02  Marauder, Marine  
  106  9:03  Widow Mine  
  106  9:05  Marine  
  106  9:06  Marauder  
  106  9:12  Marine  
  106  9:13  Marauder  
  106  9:16  Marine  
  102  9:20  Marine  
  102  9:21  Widow Mine  
  102  9:24  Marauder, Widow Mine  
  96  9:27  Marauder  
  96  9:30  Marine  
  93  9:35  Marauder  
  93  9:37  Marine  
  94  9:39  Orbital Command  
  94  9:44  Marine x2  
  94  9:45  Marauder  
  103  9:49  Marauder  
  105  9:53  Refinery  
  105  9:55  Marine  
  105  9:56  Marauder  
  105  9:57  Ghost Academy  
  105  9:58  Medivac x2  
  105  9:59  Marine, Widow Mine x2  
  111  10:02  Marine  
  111  10:04  Marine  
  111  10:07  Marauder  
  115  10:10  Marauder  
  115  10:11  Supply Depot  
  115  10:13  Marine  
  118  10:17  Marauder, Marine  
  118  10:20  Marine  
  122  10:22  Marine  
  122  10:28  Marauder  
  116  10:31  Marauder  
  116  10:32  Marine  
  116  10:34  Marine  
  109  10:39  Marauder, Marine  
  109  10:41  Widow Mine x2  
  108  10:45  SCV x2  
  108  10:46  SCV  
Tags
 
Add a new tag
Caveats
  • Supply blocks, unpowered buildings, or Contaminate may cause inaccurate times.
  • Supply counts are checked every 10 seconds.